 Dungeon Crawl Stone Soup version 0.28-a0-1412-gf95308ed99 (webtiles) character file.

Game seed: 3982848699828470488

417 Deminshera the Conjurer (level 7, -2/46 HPs)
             Began as a Human Conjurer on Jan 7, 2022.
             Slain by a sky beast (3 damage)
             ... on level 5 of the Dungeon.
             The game lasted 00:07:23 (7265 turns).

Deminshera the Conjurer (Human Conjurer)            Turns: 7265, Time: 00:07:24

Health: -2/46      AC:  3    Str:  7    XL:     7   Next: 15%
Magic:  2/13       EV: 12    Int: 21    God:
Gold:   154        SH:  0    Dex: 11    Spells: 7/14 levels left

rFire   . . .      SeeInvis .   k - +0 spear
rCold   . . .      Faith    .   (no shield)
rNeg    . . .      Spirit   .   a - +0 robe
rPois   .          Reflect  .   (no helmet)
rElec   .          Harm     .   (no cloak)
rCorr   .          Rampage  .   (no gloves)
Will    .....                   f - +0 pair of boots
Stlth   ++........              (no amulet)
HPRegen 0.15/turn               (no ring)
MPRegen 0.13/turn               (no ring)

@: very slightly contaminated
A: no striking features
a: no special abilities


You were on level 5 of the Dungeon.
You visited 1 branch of the dungeon, and saw 5 of its levels.

You collected 154 gold pieces.

Inventory:

Hand Weapons
 k - a +0 spear (weapon)
Missiles
 p - a throwing net
Armour
 a - a +0 robe (worn)
 f - a +0 pair of boots (worn)
Jewellery
 o - an amulet of magic regeneration
Wands
 h - a wand of iceblast (3)
 m - a wand of flame (29)
 r - a wand of polymorph (7)
 t - a wand of paralysis (6)
Scrolls
 b - 2 scrolls of teleportation {unknown}
 c - a scroll of fog {unknown}
 d - 4 scrolls of identify {unknown}
 g - 4 scrolls of magic mapping
 j - a scroll of holy word {unknown}
 n - a scroll of blinking {unknown}
Potions
 e - 2 potions of cancellation {unknown}
 i - a potion of haste {unknown}
 l - a potion of brilliance {unknown}
 q - 2 potions of heal wounds {unknown}
 s - a potion of lignification {unknown}


   Skills:
 - Level 2.0 Dodging
 - Level 2.0 Stealth
 + Level 4.3 Spellcasting
 + Level 5.8 Conjurations
 - Level 3.0 Hexes


You had 7 spell levels left.
You knew the following spells:

 Your Spells              Type           Power      Damage    Failure   Level
a - Magic Dart            Conj           100%       1d8       1%          1
b - Searing Ray           Conj           58%        2d6       1%          2
c - Fulminant Prism       Conj/Hex       11%        3d9       19%         4

Your spell library contained the following spells:

 Spells                   Type           Power      Damage    Failure   Level
 Static Discharge         Conj/Air       16%        N/A       5%          2
 Dazzling Flash           Conj/Hex       46%        N/A       5%          3
 Blink                    Tloc           8%         N/A       17%         2
 Lesser Beckoning         Tloc           4%         N/A       34%         3
 Iskenderun's Mystic Bla  Conj/Tloc      16%        2d5       34%         4
 Lightning Bolt           Conj/Air       8%         1d20      67%         5
 Manifold Assault         Tloc           4%         N/A       97%         5
 Maxwell's Capacitive Co  Air            2%         ∞         100%        8


Dungeon Overview and Level Annotations

Branches:
Dungeon (5/15)
 Temple: D:4-7

Altars:

Shops:
D:4 :

Annotations:
D:5 Grinder, Pikel


Message History

Grinder gestures at you. Pain shoots through your body!
A scorpion comes into view.
Casting: Fulminant Prism (quite dangerous; 19% risk of failure)
Confirm with . or Enter, or press ? or * to list all spells.
The spell is quite dangerous to miscast (19% risk of failure)!
Continue anyway?
Aiming: Fulminant Prism (quite dangerous; 19% risk of failure)
Press: ? - help, Dir - move target You conjure a prism of explosive energy!
A fulminant prism comes into view.
A sky beast comes into view.
A shadow imp comes into view.
The sky beast flickers out of sight!
Deactivating autopickup; reactivate with Ctrl-A.
Grinder hits your fulminant prism.
Your fulminant prism crackles loudly.
Grinder hits your fulminant prism!
Your fulminant prism explodes!
The blast of energy engulfs Grinder!
Grinder is severely wounded.
Something hits you. Something shocks you.
You hit something but do no damage.
You feel yourself speed up. Something hits you. Something shocks you.
You miss something. Something hits you. Something shocks you.
Grinder says, "Tell me all your secrets, or I'll kill you."
You miss something. Your punch misses something. Something hits you.
Something shocks you.
* * * LOW HITPOINT WARNING * * *
Grinder hits you.
* * * LOW HITPOINT WARNING * * *
Something hits you.
* * * LOW HITPOINT WARNING * * *
Something shocks you.
* * * LOW HITPOINT WARNING * * *
As you read the scroll labelled LOHEDW MAME, it crumbles to dust.
You feel aware of your surroundings.
It was a scroll of magic mapping.
A sky beast appears from thin air!
Reactivating autopickup.
The sky beast hits you.
You die...

*,,,,,,,,,,,,....,,,,,,*
#..#
*,,,,,,,,,,,,...,,,,,,,*
##.#
*,,,,,,,,,***#?.,,,,,,,*
#.## * *,,,,,,,,,*
#.#******** #..# *
**,******** #.# ##.## *
*,* #5###### #..# * *,*
#......# ##.# *
*,******* #5s###.# #.# *
*,,,,,,,* #@Y# #.# #.# *
*,,,,,,,* #..#*#.# #.# *
*,,,,,,,****#....#.# #.#
* *,,,,,,,,,,,..##.#.#
#.# **
*******,,,,....,.#.#####
#.# ,* *,*
*,,,,....,,#.....# #..
,****,*
*,,,.....,,#####.# ##.
,,,,,,****,,,......,*
##.######.
***,,,,,,*,,,,,,,,,,*
#.........


You could see Grinder, a sky beast, a scorpion and a shadow imp.

Vanquished Creatures
  An ogre (D:5)
  A lemure (D:4)
  A bullfrog zombie (D:5)
  A hound (D:5)
  2 orc priests (D:5)
  An iguana (D:4)
  2 hound skeletons (D:4)
  5 adders
  An ufetubus (D:4)
  3 worms
  A dart slug (D:1)
  16 orcs
  6 ball pythons
  10 endoplasms
  2 giant cockroaches
  2 goblins (D:1)
  4 hobgoblins
  3 jackals (D:1)
  7 kobolds
  2 quokkas
  5 bats
  6 frilled lizards
  6 rats
88 creatures vanquished.

Vanquished Creatures (others)
  7 fulminant prisms (D:5)
  41 plants (D:4)
48 creatures vanquished.

Grand Total: 136 creatures vanquished

Notes
Turn   | Place    | Note
-------+----------+-------------------------------------------
     0 | D:1      | Deminshera the Human Conjurer began the quest for the Orb.
     0 | D:1      | Reached XP level 1. HP: 13/13 MP: 3/3
   279 | D:1      | Reached XP level 2. HP: 19/19 MP: 1/5
   282 | D:1      | Learned a level 2 spell: Searing Ray
   700 | D:1      | Found a faded altar of an unknown god.
  1083 | D:1      | Reached XP level 3. HP: 24/24 MP: 2/6
  2647 | D:2      | Reached XP level 4. HP: 29/30 MP: 1/8
  2710 | D:2      | Learned a level 4 spell: Fulminant Prism
  2929 | D:3      | Identified the +3 chain mail of Meajeffi {Fly rF+}
  4336 | D:4      | Reached skill level 1 in Hexes
  4392 | D:4      | Reached skill level 5 in Conjurations
  4392 | D:4      | Reached XP level 5. HP: 35/35 MP: 3/9
  4928 | D:4      | Found Cadipog's Book Boutique.
  5606 | D:5      | Entered Level 5 of the Dungeon
  5701 | D:5      | Noticed an ogre
  5776 | D:5      | Reached XP level 6. HP: 41/41 MP: 4/11
  6006 | D:5      | Killed an ogre
  6339 | D:5      | Reached XP level 7. HP: 46/46 MP: 1/13
  7110 | D:5      | Noticed Pikel
  7252 | D:5      | Noticed Grinder
  7264 | D:5      | HP: 1/46 [something (5)]
  7265 | D:5      | Slain by a sky beast

Illustrated notes

Levels and vault maps discovered:
D:1:      elethiomel_arrival_maze, layout_basic,
          hellmonk_ecumenical_altar_inner_sanctum, kennysheep_minor_cross
D:2:      layout_loops_ring, due_unseen_surprise
D:3:      layout_rooms, corexii_corridor_pit, chequers_serial_rivers_room_b
D:4:      layout_basic, serial_shops, shop, st_stairs_3, kennysheep_boxes
D:5:      layout_basic, uniq_sigmund, uniq_pikel, uniq_grinder

Skill      XL: |  1  2  3  4  5  6  7 |
---------------+----------------------+-----
Spellcasting   | 3 4 |  4.3
Hexes          | 1 2 3 |  3.0
Conjurations   | 5 |  5.8
Dodging        | |  2.0
Stealth        | |  2.0

Action                   |  1- 3 |  4- 6 |  7- 9 || total
-------------------------+-------+-------+-------++-------
Melee: Spear             |       |    14 |     3 ||    17
       Punch             |       |     2 |       ||     2
 Cast: Magic Dart        |    81 |    84 |     4 ||   169
       Searing Ray       |     1 |    12 |     4 ||    17
       Fulminant Prism   |       |     3 |     4 ||     7
Evoke: Wand              |       |     3 |       ||     3
  Use: Scroll            |       |       |     1 ||     1
Armor: Robe              |     2 |    16 |     1 ||    19
Dodge: Dodged            |     5 |    54 |     3 ||    62

Table legend: (Time is in decaauts)
 A = Elapsed time spent in this place.
 B = Non-inter-level travel time spent in this place.
 C = Inter-level travel time spent in this place.
 D = Time resting spent in this place.
 E = Time spent auto-exploring this place.
 F = Levels seen in this place.
 G = Mean time per level.
                   A        B        C        D        E       F      G
               +--------+--------+--------+--------+--------+-----+--------+
         Total |   7273 |   7079 |    194 |   2933 |   3458 |   5 | 1454.6 |
       Dungeon |   7273 |   7079 |    194 |   2933 |   3458 |   5 | 1454.6 |
               +--------+--------+--------+--------+--------+-----+--------+

Top non-repeatable levels by time:
     D:1: 1794 daAuts
     D:5: 1596 daAuts
     D:2: 1559 daAuts
     D:4: 1297 daAuts
     D:3: 1025 daAuts
